 Dungeon Crawl Stone Soup version 0.26-a0-611-g354ed81502 (webtiles) character file.

Game seed: 14610575064435606768

896 Peloso the Shield-Bearer (level 7, -1/61 HPs)
             Began as a Minotaur Fighter on Sept 5, 2020.
             Killed from afar by an orc wizard (8 damage)
             ... with a magic dart
             ... on level 4 of the Dungeon.
             The game lasted 00:09:05 (4317 turns).

Peloso the Shield-Bearer (Minotaur Fighter)         Turns: 4317, Time: 00:09:06

Health: -1/61      AC: 11    Str: 21    XL:     7   Next: 78%
Magic:  6/6        EV:  7    Int:  1    God:
Gold:   246        SH: 10    Dex: 11    Spells: 6/6 levels left

rFire    . . .     SeeInvis .   a - +0 long sword
rCold    . . .     Faith    .   c - +0 kite shield
rNeg     . . .     Spirit   .   v - +0 chain mail
rPois    .         Reflect  .   (helmet restricted)
rElec    .         Harm     .   n - +0 cloak
rCorr    .                      (no gloves)
MR       .....                  (no boots)
Stlth    ..........             (no amulet)
HPRegen  0.20/turn              u - -4 ring of intelligence (curse)
MPRegen  0.10/turn              (no ring)

@: lethally poisoned (-1 -> -2)
A: retaliatory headbutt, horns 2
a: no special abilities


You were on level 4 of the Dungeon.
You visited 1 branch of the dungeon, and saw 4 of its levels.

You collected 246 gold pieces.

Inventory:

Hand Weapons
 a - a +0 long sword (weapon)
 b - a +2 dagger of electrocution
Missiles
 h - 61 bolts
Armour
 c - a +0 kite shield (worn)
 j - a +0 crystal plate armour
 n - a +0 cloak (worn)
 t - a +0 scale mail
 v - a +0 chain mail (worn)
Jewellery
 u - a cursed -4 ring of intelligence (left hand)
Wands
 s - a wand of polymorph (12)
 w - a wand of iceblast (9)
Scrolls
 e - 2 scrolls of remove curse
 f - 2 scrolls of fog {unknown}
 g - 4 scrolls of teleportation
 i - a scroll of magic mapping {unknown}
 k - a scroll of enchant armour {unknown}
 l - 2 scrolls of identify {unknown}
 o - a scroll of blinking {unknown}
 x - a scroll of immolation {unknown}
 y - a scroll of random uselessness {unknown}
Potions
 d - a potion of might
 m - a potion of haste {unknown}
 r - 2 potions of brilliance


   Skills:
 + Level 5.4 Fighting
 + Level 6.3 Long Blades
 + Level 5.9 Armour
 + Level 2.3 Dodging
 + Level 0.4 Stealth
 + Level 6.5 Shields


You had 6 spell levels left.
You didn't know any spells.
Your spell library was empty.

Dungeon Overview and Level Annotations

Branches:
Dungeon (4/15)
 Temple: D:4-7

Altars:
Cheibriados
Hepliaklqana
Makhleb
Uskayaw

Annotations:
D:3 2 transporters


Innate Abilities, Weirdness & Mutations

You reflexively headbutt those who attack you in melee.
You have a pair of horns on your head.


Message History

You hear some strange, mumbled words.
A puff of flame appears from out of thin air!
The puff of flame hits you.
* * * LOW HITPOINT WARNING * * *
Things that are here:
a +0 trident; a +0 ring mail; an orc corpse A puff of flame appears from out of thin air!
You block the puff of flame.
You feel sick.
A puff of flame appears from out of thin air!
The puff of flame hits you.
* * * LOW HITPOINT WARNING * * *
There is an open door here.
You feel sick.
You close the door.
Something unseen opens the door.
You feel sick.
A magic dart appears from out of thin air!
The magic dart hits you!
You die...

#....##'####..##.##.#### #
#....##.####..##.##'####.#
#.........................
#.........................
......{..{................
.[_...####'#######..##.##
#..†).####.##.####..#####
......#....{.....#......#
......#.........@#......#
......#..........'..)...#
......#..........#......#
#.....#..........#......#
#....)#..........#......#
########..###..###.....##
#...# #.. #..# #.....#
'...# ... ............
#...# .........#


There were no monsters in sight!

Vanquished Creatures
  Purgy (D:4)
  A phantom (D:4)
  A big kobold (D:3)
  A scorpion (D:4)
  4 orc priests (D:4)
  3 orc wizards (D:4)
  A centaur skeleton (D:4)
  Natasha (twice) (D:2 D:1)
  2 worker ants (D:4)
  A hound skeleton (D:4)
  6 adders
  5 gnolls
  2 oozes
  An adder skeleton (D:4)
  4 worms
  2 dart slugs
  5 leopard geckos
  13 orcs
  2 ball pythons (D:1)
  2 bats
  4 giant cockroaches
  12 hobgoblins
  14 jackals
  A quokka (D:3)
  2 frilled lizards
  8 goblins
  8 kobolds
  10 rats
118 creatures vanquished.

Notes
Turn   | Place    | Note
-------+----------+-------------------------------------------
     0 | D:1      | Peloso the Minotaur Fighter began the quest for the Orb.
     0 | D:1      | Reached XP level 1. HP: 19/19 MP: 0/0
    24 | D:1      | Reached XP level 2. HP: 27/27 MP: 1/1
   397 | D:1      | Reached XP level 3. HP: 33/33 MP: 2/2
   997 | D:2      | Noticed Natasha
  1006 | D:2      | Killed Natasha
  1006 | D:2      | Reached XP level 4. HP: 39/41 MP: 3/3
  1129 | D:2      | Noticed Natasha
  1652 | D:1      | Killed Natasha
  1652 | D:1      | Reached skill level 1 in Dodging
  1652 | D:1      | Reached skill level 5 in Shields
  1652 | D:1      | Reached XP level 5. HP: 47/47 MP: 4/4
  2437 | D:3      | Found a burning altar of Makhleb.
  2562 | D:3      | Reached XP level 6. HP: 54/55 MP: 5/5
  2616 | D:3      | Found a hazy altar of Hepliaklqana.
  2619 | D:3      | Noticed an orc warrior
  2620 | D:3      | Found a transporter.
  2835 | D:3      | Found a transporter.
  2930 | D:4      | Reached skill level 5 in Fighting
  3060 | D:4      | Noticed Purgy
  3093 | D:4      | Killed Purgy
  3093 | D:4      | Reached skill level 5 in Long Blades
  3093 | D:4      | Reached skill level 5 in Armour
  3303 | D:4      | Reached XP level 7. HP: 41/61 MP: 6/6
  3760 | D:4      | Found a hide-covered altar of Uskayaw.
  4069 | D:4      | Found a snail-covered altar of Cheibriados.
  4317 | D:4      | Killed from afar by an orc wizard

Illustrated notes

Levels and vault maps discovered:
D:1:      elethiomel_arrival_infinity_welcomes_careful_drivers, layout_rooms
D:2:      minmay_angry_zag, layout_basic, uniq_natasha
D:3:      layout_rooms, marbit_many_paths, gammafunk_temple_overflow_arena
D:4:      layout_gridville, cheibriados_altar_1, lemuel_coloured_pillars_altar,
          minivault_5, uniq_grinder, uniq_purgy

Skill      XL: |  1  2  3  4  5  6  7 |
---------------+----------------------+-----
Fighting       | 4 5 |  5.4
Shields        | 4 5 6 |  6.5
Armour         | 4 5 |  5.9
Long Blades    | 3 4 5 6 |  6.3
Dodging        | 1 2 |  2.3
Stealth        | |  0.4

Action                   |  1- 3 |  4- 6 |  7- 9 || total
-------------------------+-------+-------+-------++-------
Melee: Long sword        |    68 |   184 |   115 ||   367
       Headbutt          |     8 |    34 |    20 ||    62
  Use: Potion            |     4 |     1 |     3 ||     8
       Scroll            |     2 |       |       ||     2
Armor: Scale mail        |    25 |   108 |    32 ||   165
       Chain mail        |       |       |    55 ||    55
Dodge: Dodged            |    29 |    78 |    45 ||   152
Block: Kite shield       |    33 |   116 |    76 ||   225
       Rpst.: Long sword |     6 |    15 |    10 ||    31

Table legend: (Time is in decaauts)
 A = Elapsed time spent in this place.
 B = Non-inter-level travel time spent in this place.
 C = Inter-level travel time spent in this place.
 D = Time resting spent in this place.
 E = Time spent auto-exploring this place.
 F = Levels seen in this place.
 G = Mean time per level.
                   A        B        C        D        E       F      G
               +--------+--------+--------+--------+--------+-----+--------+
         Total |   4433 |   4326 |    107 |    497 |   2729 |   4 | 1108.2 |
       Dungeon |   4433 |   4326 |    107 |    497 |   2729 |   4 | 1108.2 |
               +--------+--------+--------+--------+--------+-----+--------+

Top non-repeatable levels by time:
     D:4: 1448 daAuts
     D:1: 1292 daAuts
     D:2: 1034 daAuts
     D:3: 658 daAuts
